 Dungeon Crawl Stone Soup version 0.18.1-50-g88ac8fd (webtiles) character file.

21453 varam the Basher (level 12, -8/103 HPs)
             Began as a Demonspawn Berserker on Oct 8, 2016.
             Was a High Priest of Trog.
             Mangled by Urug
             ... wielding a +2 great mace of holy wrath
              (23 damage)
             ... on level 14 of the Dungeon.
             The game lasted 00:44:49 (14352 turns).

varam the Basher (Demonspawn Berserker)            Turns: 14352, Time: 00:44:50

Health: -8/103     AC: 11    Str: 31    XL:     12   Next: 54%
Magic:  15/15      EV: 19    Int:  9    God:    Trog [*****.]
Gold:   1186       SH:  6    Dex: 19    Spells: 0 memorised, 11 levels left

rFire  + . .     SeeInvis +     w - +0 whip (elec)
rCold  . . .     Gourm    .     s - +3 scale mail {rF+}
rNeg   . . .     Faith    +     x - +0 buckler
rPois  .         Spirit   .     (helmet restricted)
rElec  .         Dismiss  .     j - +0 cloak
rCorr  .         Reflect  .     f - +0 pair of gloves
SustAt .         Harm     .     (no boots)
MR     .....                    Y - amulet of faith
Stlth  +.........               X - ring of see invisible
                                R - +3 ring of strength

@: mighty, agile, exhausted, slowed, very slow, not resistant to hostile
enchantments, very unstealthy
A: horns 2, molten scales 1, agile 1, deformed body, low mp 1, powered by pain
2, robust 1, spiny 1
a: Berserk, Trog's Hand, Brothers in Arms, Burn Spellbooks, Renounce Religion


You were on level 14 of the Dungeon.
You worshipped Trog.
Trog was extremely pleased with you.
You were not hungry.

You visited 1 branch of the dungeon, and saw 15 of its levels.

You collected 1186 gold pieces.

Inventory:

Hand Weapons
 a - a +2 battleaxe of freezing
 r - a +1 morningstar of freezing
 w - a +0 whip of electrocution (weapon)
Missiles
 M - 7 exploding tomahawks (quivered)
Armour
 f - a +0 pair of gloves (worn)
 j - a +0 cloak (worn)
 s - a +3 scale mail of fire resistance (worn)
 x - a +0 buckler (worn)
Rods
 K - a +0 iron rod (14/14)
   (You found it on level 4 of the Dungeon)
Jewellery
 P - an uncursed ring of poison resistance
 R - a +3 ring of strength (left hand)
 X - a ring of see invisible (right hand)
 Y - an amulet of faith (around neck)
Wands
 c - a wand of digging (8/24)
 d - a wand of disintegration (15/24)
 C - a wand of teleportation (3/9)
 D - a wand of slowing (8/48)
 T - a wand of polymorph (15/24)
 W - a wand of acid (2/15)
 Z - a wand of flame (18/48)
Scrolls
 b - a scroll of enchant weapon
 e - 3 scrolls of magic mapping
 h - 3 scrolls of recharging
 k - 3 scrolls of enchant armour
 n - a scroll of torment {unknown}
 t - 5 scrolls of remove curse
 v - 6 scrolls of noise
 y - 4 scrolls of teleportation
 A - 4 scrolls of blinking
 O - a scroll of vulnerability
 Q - 2 scrolls of fog
 U - 2 scrolls of fear
Potions
 g - 2 potions of might
 l - 3 potions of curing
 m - 2 potions of agility
 o - 6 potions of heal wounds
 p - a potion of ambrosia {unknown}
 u - 4 potions of haste
 B - a potion of resistance
 E - a potion of brilliance {unknown}
 F - a potion of berserk rage {unknown}
 H - 3 potions of lignification {unknown}
 V - 2 potions of flight {unknown}
Books
 G - a Fen Folio

   Spells                             Type                      Level
   a - Corpse Rot                     Necromancy                   2
   b - Stone Arrow                    Conjuration/Earth            3
   c - Leda's Liquefaction            Hexes/Earth                  4
   d - Summon Forest                  Summoning/Translocation      5
   e - Hydra Form                     Transmutation                6
   f - Summon Hydra                   Summoning                    7
   Trog disapproves of the use of such an item.
 J - a book of Clouds

   Spells                             Type                      Level
   a - Mephitic Cloud                 Conjuration/Poison/Air       3
   b - Conjure Flame                  Conjuration/Fire             3
   c - Poisonous Cloud                Conjuration/Poison/Air       6
   d - Freezing Cloud                 Conjuration/Ice/Air          6
   e - Ring of Flames                 Charms/Fire                  7
   Trog disapproves of the use of such an item.
Miscellaneous
 L - a box of beasts
 S - a disc of storms
Comestibles
 i - 4 meat rations
 q - 7 beef jerkies
 z - 3 fruits
 I - 2 royal jellies
 N - 4 chunks of flesh


   Skills:
 + Level 8.9 Fighting
 - Level 3.0(8.4) Axes
 - Level 12.0(12.2) Maces & Flails
 + Level 7.6 Armour
 - Level 5.0 Dodging
 - Level 0.2 Stealth
 + Level 6.8 Shields
 + Level 7.2 Evocations


You had 11 spell levels left.
You didn't know any spells.

Dungeon Overview and Level Annotations

Branches:
Dungeon (15/15)            Temple (0/1) D:4            Lair (0/8) D:11
    Orc (0/2) D:9          Vaults (0/5) D:13
 Depths: D:15

Altars:
Elyvilon
Fedhas
Gozag
Kikubaaqudgha
Makhleb
Nemelex Xobeh
Okawaru
Pakellas
Qazlal
Ru
Trog
Xom
The Shining One
Beogh

Shops:
D:5 }   D:9 [   D:14 %

Annotations:
D:14 exclusion: 2 ice statues, Urug


Innate Abilities, Weirdness & Mutations

You have a pair of horns on your head.
You are partially covered in molten scales (AC +1).
You sometimes gain power by taking damage.
You are partially covered in sharp spines.
You are agile. (Dex +2)
Armour fits poorly on your strangely shaped body.
Your magical capacity is low (-10% MP).
You are robust (+10% HP).


Message History

Urug squints and says, "My one eye mightn't be all that good, but I can see you just fine with it, harpy."
There is an open door here.
You're too exhausted to go berserk.
Urug says, "They call me one-eyed Urug.
When I'm done with you they'll have to call you no-head varam."
Urug hits you with a great mace of holy wrath!!
You convulse!
You whack Urug! You headbutt Urug.
Urug is moderately wounded.
Urug hits you but does no damage.
You completely miss Urug. Your headbutt misses Urug.
Urug is moderately wounded.
You closely miss Urug.
Urug is moderately wounded.
Urug is struck by your spines.
Urug hits you with a great mace of holy wrath!!
* * * LOW HITPOINT WARNING * * *
You focus on the pain.
You feel mightier all of a sudden.
You convulse!!
You die...

.....#...#...#...#,****,,,,,,,*
..#(.#############,,,**,,,,,,,*
###).#...#...#...#**,**,,,,,,,*
.....'...'...#.>.# *,,*,**,****
...###...#...#...# **,,,#*,*
.#)####'###'###'## **,.##.#**
)#)..#...#)..#...#####......,**
.)...#...#...'...'(((.......,,*
.#####...#...#..@######.##.#***
## ##########o##(.##..#*,* # *,*
#..#.###....##*,* ***** **,*
*#(..##......#*,* ,,,,***,,*
##..(..o.##..#,* ,,,,,,,,***
#####.#.#**.#,*
,,,,,,,,,,*****,,#.#.#**,*,*****
.,,,,,,,,,,,,,,,,.....**,,,,,,,**
(.,,,,,,,,,,,,,,,..#...,,,,,**,,,


You could see Urug.

Vanquished Creatures
  Josephine (D:11)
  A vault guard (D:13)
  Erolcha (D:8)
  5 skeletal warriors (D:14)
  2 unseen horrors (D:12)
  A hill giant (D:12)
  Pikel (D:5)
  A deep elf mage (D:12)
  An ugly thing (D:13)
  2 cyclopes
  A centaur zombie (D:14)
  2 gargoyles (D:12)
  A kobold demonologist (D:12)
  A komodo dragon (D:14)
  Prince Ribbit (D:5)
  2 trolls
  2 shadows
  Sigmund (D:7)
  4 yaks (D:11)
  6 wraiths
  A wyvern (D:12)
  Eustachio (D:5)
  A vampire mosquito (D:14)
  3 hungry ghosts
  2 hippogriffs
  Edmund (D:7)
  2 water moccasins
  A gnoll sergeant (D:5)
  9 orc warriors
  2 ice beasts
  4 sky beasts
  2 phantoms
  2 slaves (D:5)
  3 black bears
  An eye of draining (D:13)
  6 ogres
  A necrophage (D:9)
  16 centaurs
  The ghost of daning the Charmwright, an amateur HESk (D:4)
  A big kobold (D:8)
  8 giant frogs
  A scorpion (D:11)
  5 wights
  2 jellies
  An electric eel (D:10)
  6 howler monkeys
  3 crimson imps
  A quasit (D:4)
  A gnoll shaman (D:5)
  6 orc priests
  9 hounds
  6 iguanas
  Crazy Yiuf (D:5)
  14 orc wizards
  Terence (D:2)
  3 giant frog skeletons
  2 worker ants
  A killer bee zombie (D:11)
  A hound zombie (D:7)
  2 hound skeletons
  A worker ant zombie (D:5)
  16 adders
  13 gnolls
  5 shadow imps
  A white imp (D:4)
  3 oozes
  An adder zombie (D:8)
  A worm (D:3)
  3 dart slugs
  5 giant geckos
  56 orcs
  6 bats
  5 giant cockroaches
  4 hobgoblins
  8 jackals
  7 quokkas
  3 ball pythons
  A giant gecko skeleton (D:6)
  6 giant newts
  12 goblins
  A goblin skeleton (D:4)
  2 goblin zombies (D:4)
  2 hobgoblin zombies (D:4)
  A jackal skeleton (D:7)
  12 kobolds
  3 kobold skeletons (D:4)
  2 kobold zombies (D:4)
  An orc skeleton (D:4)
  A quokka skeleton (D:4)
  6 rats
359 creatures vanquished.

Vanquished Creatures (collateral kills)
  A rakshasa (D:13)
1 creature vanquished.

Vanquished Creatures (others)
  2 slaves (D:5)
  A gnoll (D:5)
  A quokka (D:3)
  A fungus (D:5)
5 creatures vanquished.

Grand Total: 365 creatures vanquished

Notes
Turn   | Place    | Note
--------------------------------------------------------------
     0 | D:1      | varam the Demonspawn Berserker began the quest for the Orb.
     0 | D:1      | Reached XP level 1. HP: 18/18 MP: 1/1
     2 | D:1      | Noticed a demonspawn
     4 | D:1      | Noticed a gargoyle
     6 | D:1      | Noticed a demigod
     6 | D:1      | Noticed a spriggan
     8 | D:1      | Noticed a vampire
     8 | D:1      | Noticed a tengu
    10 | D:1      | Noticed a formicid
    12 | D:1      | Noticed a centaur
    12 | D:1      | Noticed a felid
    15 | D:1      | Noticed a troll
    15 | D:1      | Noticed a merfolk
    17 | D:1      | Noticed a ghoul
    17 | D:1      | Noticed a halfling
    19 | D:1      | Noticed a naga
    19 | D:1      | Noticed a dwarf
    21 | D:1      | Noticed a vine stalker
    21 | D:1      | Noticed an octopode
    23 | D:1      | Noticed a minotaur
    23 | D:1      | Noticed a draconian
    25 | D:1      | Noticed a human
    25 | D:1      | Noticed an elf
    27 | D:1      | Noticed an ogre
   268 | D:1      | Gained mutation: You are partially covered in molten scales (AC +1). [demonic ancestry]
   268 | D:1      | Reached XP level 2. HP: 15/24 MP: 2/2
   802 | D:1      | Reached XP level 3. HP: 29/29 MP: 3/3
   853 | D:1      | Reached ** piety under Trog
  1320 | D:2      | Noticed Terence
  1330 | D:2      | Killed Terence
  1330 | D:2      | Reached XP level 4. HP: 37/37 MP: 4/4
  1578 | D:2      | Found an opulent altar of Gozag.
  2217 | D:3      | Reached *** piety under Trog
  2384 | D:3      | Reached XP level 5. HP: 42/42 MP: 5/5
  2714 | D:3      | Reached skill level 1 in Maces & Flails
  3070 | D:3      | Found a white marble altar of Elyvilon.
  3339 | D:4      | Found a sparkling altar of Nemelex Xobeh.
  3341 | D:4      | Found an iron altar of Okawaru.
  3342 | D:4      | Found a sacrificial altar of Ru.
  3342 | D:4      | Found an oddly glowing altar of Pakellas.
  3360 | D:4      | Noticed daning's ghost (amateur HESk)
  3784 | D:4      | Killed daning's ghost
  3784 | D:4      | Reached skill level 2 in Maces & Flails
  3784 | D:4      | Gained mutation: You are partially covered in sharp spines. [demonic ancestry]
  3784 | D:4      | Reached XP level 6. HP: 49/49 MP: 6/6
  3982 | D:4      | Found a glowing golden altar of the Shining One.
  3986 | D:4      | Gained mutation: You have a pair of small horns on your head. [demonic ancestry]
  3986 | D:4      | Reached XP level 7. HP: 55/55 MP: 7/7
  4009 | D:4      | Reached skill level 1 in Evocations
  4016 | D:4      | Found a shimmering altar of Xom.
  4075 | D:4      | Found a staircase to the Ecumenical Temple.
  4236 | D:5      | Entered Level 5 of the Dungeon
  4262 | D:5      | Noticed Pikel
  4274 | D:5      | Killed Pikel
  4274 | D:5      | Reached **** piety under Trog
  4274 | D:5      | Reached skill level 5 in Fighting
  4274 | D:5      | Reached skill level 3 in Maces & Flails
  4274 | D:5      | Reached skill level 1 in Shields
  4274 | D:5      | Gained mutation: You sometimes gain a little power by taking damage. [demonic ancestry]
  4274 | D:5      | Reached XP level 8. HP: 56/62 MP: 7/9
  4321 | D:5      | Reached skill level 4 in Maces & Flails
  4355 | D:5      | Noticed Eustachio
  4359 | D:5      | Noticed Prince Ribbit
  4361 | D:5      | Killed Eustachio
  4363 | D:5      | Found Wieffeh's Gadget Shop.
  4384 | D:5      | Killed Prince Ribbit
  4660 | D:5      | Noticed Crazy Yiuf
  4666 | D:5      | Killed Crazy Yiuf
  4793 | D:6      | Reached skill level 5 in Maces & Flails
  4842 | D:6      | Reached skill level 5 in Dodging
  4937 | D:6      | Found an ancient bone altar of Kikubaaqudgha.
  4937 | D:6      | Found a blossoming altar of Fedhas.
  4956 | D:6      | Reached XP level 9. HP: 69/69 MP: 11/11
  5269 | D:6      | Found a blossoming altar of Fedhas.
  5416 | D:6      | Reached ***** piety under Trog
  5916 | D:7      | Reached skill level 6 in Maces & Flails
  5952 | D:7      | Noticed Edmund
  5953 | D:7      | Noticed Sigmund
  5961 | D:7      | Killed Edmund
  5961 | D:7      | Reached skill level 5 in Armour
  6013 | D:7      | Killed Sigmund
  6065 | D:7      | Got a fine scythe
  6473 | D:7      | Found a burning altar of Makhleb.
  6661 | D:7      | Received a gift from Trog
  7017 | D:8      | Reached XP level 10. HP: 77/77 MP: 13/13
  7096 | D:8      | Reached skill level 7 in Maces & Flails
  7283 | D:8      | Noticed Erolcha
  7422 | D:8      | Killed Erolcha
  7586 | D:8      | Found a stormy altar of Qazlal.
  8077 | D:9      | Found Feonofod's Armour Emporium.
  8077 | D:9      | Found a staircase to the Orcish Mines.
  8081 | D:9      | Reached skill level 8 in Maces & Flails
  8583 | D:9      | Reached skill level 9 in Maces & Flails
  9257 | D:10     | Entered Level 10 of the Dungeon
  9824 | D:10     | Received a gift from Trog
 10233 | D:11     | Found a staircase to the Lair.
 10306 | D:11     | Found a roughly hewn altar of Beogh.
 10338 | D:11     | Reached skill level 10 in Maces & Flails
 10424 | D:11     | Gained mutation: You sometimes gain power by taking damage. [demonic ancestry]
 10424 | D:11     | Reached XP level 11. HP: 66/84 MP: 14/14
 10531 | D:11     | Noticed Josephine
 10548 | D:11     | Killed Josephine
 10675 | D:11     | Reached skill level 11 in Maces & Flails
 11130 | D:12     | Noticed a deep elf mage
 11140 | D:12     | Killed a deep elf mage
 11349 | D:12     | Received a gift from Trog
 11378 | D:12     | Found a bloodstained altar of Trog.
 11749 | D:12     | Noticed a hill giant
 11754 | D:12     | Killed a hill giant
 11754 | D:12     | Reached skill level 12 in Maces & Flails
 11764 | D:12     | Reached skill level 5 in Evocations
 11907 | D:12     | Killed an unseen horror
 11907 | D:12     | Reached skill level 5 in Shields
 12207 | D:12     | Noticed an unseen horror
 12211 | D:12     | Killed an unseen horror
 12631 | D:13     | Gained mutation: Armour fits poorly on your strangely shaped body. [mutagenic meat]
 12632 | D:13     | Gained mutation: You are agile. (Dex +2) [mutagenic meat]
 12633 | D:13     | Gained mutation: Your mind is acute. (Int +2) [mutagenic meat]
 12634 | D:13     | Gained mutation: Your magical capacity is low (-10% MP). [mutagenic meat]
 12635 | D:13     | Lost mutation: Your mind is acute. (Int +2) [mutagenic meat]
 12636 | D:13     | Gained mutation: You are robust (+10% HP). [mutagenic meat]
 13018 | D:13     | Found a gate to the Vaults.
 13018 | D:13     | Noticed a vault guard
 13026 | D:13     | Killed a vault guard
 13026 | D:13     | Gained mutation: You have a pair of horns on your head. [demonic ancestry]
 13026 | D:13     | Reached XP level 12. HP: 91/101 MP: 14/14
 13322 | D:13     | Noticed a rakshasa
 13358 | D:13     | Killed a rakshasa
 13432 | D:14     | Found Haczuk's Food Shoppe.
 13462 | D:14     | Found a frozen archway.
 14051 | D:15     | Entered Level 15 of the Dungeon
 14340 | D:14     | Noticed Urug
 14352 | D:14     | Mangled by Urug

Skill      XL: |  1  2  3  4  5  6  7  8  9 10 11 12 |
---------------+-------------------------------------+-----
Dodging        | 2 3 4 5 |  5.0
Axes           | 3 |  3.0
Armour         | 2 3 4 5 6 7 |  7.6
Fighting       | 4 5 6 7 8 |  8.9
Maces & Flails | 2 3 5 6 10 12 | 12.0
Evocations     | 2 3 4 5 7 |  7.2
Shields        | 1 3 4 5 6 |  6.8
Stealth        | |  0.2

Action                   |  1- 3 |  4- 6 |  7- 9 | 10-12 || total
-------------------------+-------+-------+-------+-------++-------
Melee: Hand axe          |   110 |       |       |       ||   110
       Morningstar       |       |   206 |    65 |    19 ||   290
       War axe           |       |     7 |       |       ||     7
       Headbutt          |       |       |    51 |   154 ||   205
       Whip              |       |       |   192 |   561 ||   753
       Battleaxe         |       |       |       |    11 ||    11
       Dire flail        |       |       |       |     7 ||     7
Invok: Berserk           |     2 |     4 |     6 |    21 ||    33
       Brothers in Arms  |       |       |       |     2 ||     2
Evoke: Wand              |       |       |       |     2 ||     2
       Rod               |       |       |       |     1 ||     1
  Use: Scroll            |       |       |    10 |    14 ||    24
  Eat: Chunk             |     2 |    10 |    23 |    20 ||    55
       Bread ration      |       |     1 |       |     5 ||     6
       Pizza             |       |       |       |     2 ||     2
       Meat ration       |       |       |       |     2 ||     2
Armor: Animal skin       |    29 |       |       |       ||    29
       Scale mail        |       |   126 |   110 |   128 ||   364
Dodge: Dodged            |    66 |   135 |   126 |   211 ||   538
Block: Buckler           |       |    24 |    33 |    58 ||   115
